[Event "17th Memorial Lezcano Montalvo 2025"]
[Site "Gran Canaria"]
[Date "2025.04.13"]
[Round "2.21"]
[White "Perez Rosales, Pedro"]
[Black "Matnadze Bujiashvili, Ann"]
[Result "0-1"]
[Annotator "ChessBase"]
[ECO "A14"]
[WhiteElo "1942"]
[BlackElo "2329"]
[PlyCount "49"]
[EventDate "2025.04.13"]
[EventType "swiss"]
[EventCountry "ESP"]
[SourceTitle "playchess.com"]
[Source "ChessBase"]
[SourceQuality "1"]
[TimeControl "5400+30"]

1. Nf3 Nf6 2. g3 e6 3. Bg2 b6 4. O-O Bb7 5. c4 c5 6. b3 Be7 7. Bb2 O-O 8. Nc3 d5 9. cxd5 Nxd5 10. Nxd5 Bxd5 11. Re1 Na6 12. e4 Bb7 13. a3 Bf6 14. Qc2 Bxb2 15. Qxb2 Qf6 16. Ne5 Rfd8 17. f4 Rac8 18. Rac1 Nc7 19. Bf1 h5 20. h4 Rd4 21. Qc2 Rcd8 22. Bg2 R4d7 23. a4 Qg6 24. Nf3 Qf6 25. Bf1 0-1

[Event "17th Memorial Lezcano Montalvo 2025"]
[Site "Gran Canaria"]
[Date "2025.04.13"]
[Round "2.22"]
[White "Sanz Wawer, Daniel"]
[Black "Blanco Barros, Juan Carlos"]
[Result "1-0"]
[Annotator "ChessBase"]
[ECO "C06"]
[WhiteElo "2316"]
[BlackElo "1941"]
[PlyCount "73"]
[EventDate "2025.04.13"]
[EventType "swiss"]
[EventCountry "ESP"]
[SourceTitle "playchess.com"]
[Source "ChessBase"]
[SourceQuality "1"]
[TimeControl "5400+30"]

1. e4 e6 2. d4 d5 3. Nd2 Nf6 4. e5 Nfd7 5. Bd3 c5 6. c3 Nc6 7. Ne2 cxd4 8. cxd4 f6 9. exf6 Nxf6 10. O-O Bd6 11. Nf3 O-O 12. Bf4 Ne4 13. Bxd6 Nxd6 14. Ng3 Qf6 15. Qd2 Bd7 16. Rae1 Qf4 17. Re3 Rac8 18. b3 Qh6 19. Bb1 Rxf3 20. gxf3 Rf8 21. Rfe1 Qh4 22. Ne2 Rf6 23. f4 Rh6 24. h3 e5 25. dxe5 Bxh3 26. Qxd5+ Be6 27. Qg2 Nf5 28. Bxf5 Bxf5 29. Rg3 Qe7 30. Rd1 Kh8 31. Rg5 Bd7 32. Rxg7 Qxg7 33. Qxg7+ Kxg7 34. Rxd7+ Kg6 35. Ng3 Rh4 36. f5+ Kg5 37. e6 1-0

[Event "17th Memorial Lezcano Montalvo 2025"]
[Site "Gran Canaria"]
[Date "2025.04.13"]
[Round "2.23"]
[White "de Leon Navarro, Claudio"]
[Black "Torres Rebolledo, Alvaro"]
[Result "0-1"]
[Annotator "ChessBase"]
[ECO "B23"]
[WhiteElo "1918"]
[BlackElo "2311"]
[PlyCount "114"]
[EventDate "2025.04.13"]
[EventType "swiss"]
[EventCountry "ESP"]
[SourceTitle "playchess.com"]
[Source "ChessBase"]
[SourceQuality "1"]
[TimeControl "5400+30"]

1. e4 c5 2. Nc3 Nc6 3. Bb5 Nd4 4. Nf3 a6 5. Bd3 e6 6. Nxd4 cxd4 7. Ne2 d5 8. exd5 Qxd5 9. O-O Nf6 10. c3 Bc5 11. cxd4 Ba7 12. b3 O-O 13. Bb2 b5 14. Nf4 Qg5 15. Qf3 Rb8 16. Qg3 Qxg3 17. hxg3 Bb7 18. Ne2 Rfd8 19. Rac1 Bd5 20. Ba3 b4 21. Bb2 a5 22. Bc4 Bb6 23. d3 Ra8 24. a4 h6 25. Rfe1 g5 26. f3 Kg7 27. Rcd1 Rd6 28. g4 Rad8 29. Kf1 Bb7 30. Ng3 Bxd4 31. Bxd4 Rxd4 32. Kf2 R4d6 33. Nh5+ Nxh5 34. gxh5 Bd5 35. Rc1 Kf6 36. g4 Ke7 37. Re3 Bxc4 38. dxc4 Rd2+ 39. Re2 R8d3 40. Rce1 Kd6 41. Rxd2 Rxd2+ 42. Re2 Rd1 43. Ke3 Rb1 44. Rd2+ Ke5 45. Rd7 Rxb3+ 46. Ke2 Ra3 47. Rxf7 Rxa4 48. Rb7 Kd4 49. Kf2 Kxc4 50. f4 Ra2+ 51. Kg1 gxf4 52. g5 hxg5 53. h6 Rd2 54. Rc7+ Kb3 55. Rg7 Rd8 56. Rxg5 a4 57. h7 Rh8 0-1

[Event "17th Memorial Lezcano Montalvo 2025"]
[Site "Gran Canaria"]
[Date "2025.04.13"]
[Round "2.24"]
[White "Hernandez Guerra, Luna Yue"]
[Black "Meneses Gonzalez, Kevin Moises"]
[Result "0-1"]
[Annotator "ChessBase"]
[ECO "B30"]
[WhiteElo "1897"]
[BlackElo "2307"]
[PlyCount "88"]
[EventDate "2025.04.13"]
[EventType "swiss"]
[EventCountry "ESP"]
[SourceTitle "playchess.com"]
[Source "ChessBase"]
[SourceQuality "1"]
[TimeControl "5400+30"]

1. e4 c5 2. Nc3 Nc6 3. Bb5 Nd4 4. Nf3 e6 5. O-O a6 6. Bd3 Nc6 7. Re1 d6 8. b3 Nf6 9. Bb2 Qc7 10. Bf1 Be7 11. d4 cxd4 12. Nxd4 Bd7 13. Qd2 O-O 14. Rad1 b5 15. Qe3 Nxd4 16. Qxd4 Bc6 17. Re3 Qa7 18. b4 Qxd4 19. Rxd4 Rfd8 20. a3 d5 21. e5 Nd7 22. Rg4 Nb6 23. Ne2 Nc4 24. Reg3 g6 25. Bc3 Nxa3 26. Nd4 Be8 27. Rh3 Rac8 28. f4 a5 29. f5 axb4 30. Bd2 Nxc2 31. fxg6 hxg6 32. Nf3 Rc3 33. Bxc3 bxc3 34. Ng5 Bxg5 35. Rxg5 d4 36. Bd3 Ne3 37. Kf2 c2 38. Bxc2 Nxc2 39. Ke2 Ne3 40. Rgg3 b4 41. Rxe3 dxe3 42. Rxe3 Bb5+ 43. Kf2 Rd2+ 44. Kg1 Bc4 0-1

[Event "17th Memorial Lezcano Montalvo 2025"]
[Site "Gran Canaria"]
[Date "2025.04.13"]
[Round "2.25"]
[White "Fiorito, Fabian"]
[Black "Garcia Rodriguez, Adriana"]
[Result "1-0"]
[Annotator "ChessBase"]
[ECO "E21"]
[WhiteElo "2268"]
[BlackElo "1893"]
[PlyCount "125"]
[EventDate "2025.04.13"]
[EventType "swiss"]
[EventCountry "ESP"]
[SourceTitle "playchess.com"]
[Source "ChessBase"]
[SourceQuality "1"]
[TimeControl "5400+30"]

1. d4 d5 2. c4 e6 3. Nf3 Nf6 4. g3 Bb4+ 5. Nc3 O-O 6. Bg2 b6 7. O-O Bb7 8. Ne5 Nbd7 9. cxd5 Nxe5 10. dxe5 Nxd5 11. Qc2 Bxc3 12. bxc3 Qe7 13. e4 Nxc3 14. Qxc3 Rad8 15. Be3 Rd7 16. h4 h6 17. Rfd1 Rfd8 18. Rxd7 Qxd7 19. a4 Ba8 20. a5 Rc8 21. Qc2 Rd8 22. Bf3 c5 23. axb6 axb6 24. Qb2 Qc7 25. Rb1 Rb8 26. Qc3 Bc6 27. Bg2 Ra8 28. Qb2 Ra6 29. Ra1 Rxa1+ 30. Qxa1 c4 31. Qd4 b5 32. f3 Qa5 33. Bf1 c3 34. Qc5 Bd7 35. Bd4 c2 36. Qxc2 Qa3 37. Qc3 Qxc3 38. Bxc3 Kh7 39. Kf2 g5 40. h5 Kg7 41. Ke3 Be8 42. Be2 Bd7 43. Kd4 b4 44. Bxb4 Ba4 45. Be7 Be8 46. f4 gxf4 47. gxf4 Bc6 48. f5 Bd7 49. Bg4 Bc8 50. Bf6+ Kf8 51. Kc5 Bb7 52. Kd6 Bxe4 53. fxe6 fxe6 54. Kxe6 Bc2 55. Kd6 Ba4 56. Bf5 Bd1 57. Bg6 Bb3 58. e6 Bxe6 59. Kxe6 Kg8 60. Kf5 Kf8 61. Bh7 Kf7 62. Bc3 Kf8 63. Kg6 1-0

[Event "17th Memorial Lezcano Montalvo 2025"]
[Site "Gran Canaria"]
[Date "2025.04.13"]
[Round "2.26"]
[White "Gonzalez Perdomo, Sergio"]
[Black "Castellanos Gomez, Alejandro"]
[Result "0-1"]
[Annotator "ChessBase"]
[ECO "E04"]
[WhiteElo "1880"]
[BlackElo "2267"]
[PlyCount "52"]
[EventDate "2025.04.13"]
[EventType "swiss"]
[EventCountry "ESP"]
[SourceTitle "playchess.com"]
[Source "ChessBase"]
[SourceQuality "1"]
[TimeControl "5400+30"]

1. d4 e6 2. Nf3 Nf6 3. c4 d5 4. g3 dxc4 5. Bg2 c6 6. O-O Nbd7 7. Qc2 b5 8. Rd1 Bb7 9. Ne5 Nd5 10. e4 Nb4 11. Qe2 Nxe5 12. dxe5 Qc7 13. Nc3 Bc5 14. Be3 Bxe3 15. Qxe3 Qxe5 16. Rd2 O-O 17. Rad1 Nd3 18. Bf1 c5 19. Nxb5 Qxe4 20. Qxe4 Bxe4 21. Bg2 Bxg2 22. Kxg2 Rab8 23. Nd6 Nxb2 24. Rc1 Rfd8 25. Rcc2 Nd3 26. Nxc4 Ne1+ 0-1

[Event "17th Memorial Lezcano Montalvo 2025"]
[Site "Gran Canaria"]
[Date "2025.04.13"]
[Round "2.27"]
[White "Hernando Rodrigo, Jose Maria"]
[Black "Posso Cangrejo, Sergio David"]
[Result "1-0"]
[Annotator "ChessBase"]
[ECO "D36"]
[WhiteElo "2256"]
[BlackElo "1878"]
[PlyCount "71"]
[EventDate "2025.04.13"]
[EventType "swiss"]
[EventCountry "ESP"]
[SourceTitle "playchess.com"]
[Source "ChessBase"]
[SourceQuality "1"]
[TimeControl "5400+30"]

1. d4 d5 2. c4 e6 3. Nc3 Be7 4. Nf3 Nf6 5. cxd5 exd5 6. Bg5 c6 7. Qc2 O-O 8. e3 Nh5 9. Bxe7 Qxe7 10. Bd3 Nf6 11. O-O Re8 12. Rac1 Nbd7 13. Rfe1 Ne4 14. Na4 Ndf6 15. Ne5 Nd7 16. f3 Nef6 17. Nxd7 Bxd7 18. Nc5 Rab8 19. a4 g6 20. b4 Rec8 21. Qb2 b6 22. Na6 Rb7 23. b5 cxb5 24. Rxc8+ Bxc8 25. axb5 Qe8 26. e4 dxe4 27. fxe4 Re7 28. Nb4 Bb7 29. e5 Nd5 30. Bc4 Nxb4 31. Qxb4 Qd8 32. d5 Rc7 33. e6 fxe6 34. d6 Rc5 35. Rxe6 Kf8 36. Qc3 1-0

[Event "17th Memorial Lezcano Montalvo 2025"]
[Site "Gran Canaria"]
[Date "2025.04.13"]
[Round "2.28"]
[White "Ludishev, Artem"]
[Black "Moreno Diepa, Diego"]
[Result "0-1"]
[Annotator "ChessBase"]
[ECO "A04"]
[WhiteElo "1874"]
[BlackElo "2243"]
[PlyCount "80"]
[EventDate "2025.04.13"]
[EventType "swiss"]
[EventCountry "ESP"]
[SourceTitle "playchess.com"]
[Source "ChessBase"]
[SourceQuality "1"]
[TimeControl "5400+30"]

1. e4 e6 2. d3 c5 3. Nf3 Nc6 4. g3 g6 5. Bg2 Bg7 6. O-O d6 7. c3 Nf6 8. Re1 e5 9. a3 O-O 10. b4 a6 11. Nbd2 Qe7 12. Nc4 Qc7 13. Bg5 Be6 14. Qe2 Nd7 15. Rad1 b5 16. Ne3 Nb6 17. c4 Nd4 18. Nxd4 cxd4 19. Nd5 Bxd5 20. cxd5 Na4 21. Rc1 Qd7 22. Qf1 Rac8 23. Bh3 f5 24. Rxc8 Rxc8 25. Rc1 Rxc1 26. Qxc1 Nc3 27. Kg2 Kf8 28. f4 Qf7 29. fxe5 Bxe5 30. Qf1 fxe4 31. Bh6+ Bg7 32. Qxf7+ Kxf7 33. Be6+ Kf8 34. Bxg7+ Kxg7 35. Kf1 Kf6 36. dxe4 Ke5 37. Bc8 d3 38. Ke1 Kd4 39. Kd2 Nxe4+ 40. Kd1 Ke5 0-1

[Event "17th Memorial Lezcano Montalvo 2025"]
[Site "Gran Canaria"]
[Date "2025.04.13"]
[Round "2.29"]
[White "Rodriguez Avila, Alvaro"]
[Black "Quintero Hernandez, Marcos Jesus"]
[Result "1-0"]
[Annotator "ChessBase"]
[ECO "B12"]
[WhiteElo "2212"]
[BlackElo "1874"]
[PlyCount "58"]
[EventDate "2025.04.13"]
[EventType "swiss"]
[EventCountry "ESP"]
[SourceTitle "playchess.com"]
[Source "ChessBase"]
[SourceQuality "1"]
[TimeControl "5400+30"]

1. e4 c6 2. d4 d5 3. e5 Bf5 4. Nc3 h5 5. Bg5 Qc7 6. Be2 g6 7. Nf3 Bg7 8. Nh4 Be6 9. O-O Nh6 10. Bd3 Qd7 11. Ne2 Nf5 12. Nf4 Nxh4 13. Nxe6 Qxe6 14. Bxh4 Qc8 15. e6 f5 16. Re1 O-O 17. Qd2 Bf6 18. Qh6 Qe8 19. Bxf6 Rxf6 20. Re3 Qf8 21. Qf4 Qc8 22. Rae1 Kh7 23. Rh3 Kg7 24. Qg5 Qh8 25. Bxf5 Rxf5 26. Qxe7+ Kh6 27. Qxb7 Na6 28. Qxa6 Qxd4 29. Rhe3 Rff8 1-0

[Event "17th Memorial Lezcano Montalvo 2025"]
[Site "Gran Canaria"]
[Date "2025.04.13"]
[Round "2.30"]
[White "Henriquez Garcia, David"]
[Black "Tytynnik, Artem"]
[Result "0-1"]
[Annotator "ChessBase"]
[ECO "A16"]
[WhiteElo "1869"]
[BlackElo "2209"]
[PlyCount "80"]
[EventDate "2025.04.13"]
[EventType "swiss"]
[EventCountry "ESP"]
[SourceTitle "playchess.com"]
[Source "ChessBase"]
[SourceQuality "1"]
[TimeControl "5400+30"]

1. c4 Nf6 2. Nc3 d5 3. cxd5 Nxd5 4. g3 g6 5. Bg2 Nxc3 6. bxc3 Bg7 7. h4 h5 8. Nh3 Nd7 9. O-O c6 10. Ng5 Ne5 11. d4 Ng4 12. Qb3 O-O 13. e4 Qc7 14. e5 Bf5 15. e6 f6 16. Nf7 Kh7 17. Bf4 Qb6 18. Qc4 Rac8 19. Qe2 Nh6 20. Bxh6 Bxh6 21. Nxh6 Kxh6 22. f3 c5 23. d5 c4+ 24. Kh1 Kg7 25. Rf2 Rfd8 26. f4 Qc5 27. Re1 b5 28. Qe3 Qa3 29. Qc1 Qd6 30. Rd2 Qc5 31. a3 a5 32. Qb2 Rb8 33. Rd4 Bd3 34. Rc1 Qd6 35. Bf3 b4 36. axb4 axb4 37. cxb4 Rxb4 38. Qa3 Rb1 39. Qc3 Rdb8 40. Rxc4 Rxc1+ 0-1

[Event "17th Memorial Lezcano Montalvo 2025"]
[Site "Gran Canaria"]
[Date "2025.04.13"]
[Round "2.31"]
[White "Paquico Rodriguez, Ivan"]
[Black "Bangiev, Katharina"]
[Result "1-0"]
[Annotator "ChessBase"]
[ECO "D04"]
[WhiteElo "2202"]
[BlackElo "1848"]
[PlyCount "79"]
[EventDate "2025.04.13"]
[EventType "swiss"]
[EventCountry "ESP"]
[SourceTitle "playchess.com"]
[Source "ChessBase"]
[SourceQuality "1"]
[TimeControl "5400+30"]

1. Nf3 g6 2. d4 Nf6 3. e3 Bg7 4. b3 O-O 5. Bb2 d5 6. c4 c5 7. dxc5 Qa5+ 8. Nbd2 Qxc5 9. a3 dxc4 10. Bxc4 Nc6 11. b4 Qd6 12. Qb3 h6 13. O-O a6 14. Rac1 e5 15. Rcd1 Qe7 16. Qc2 Kh7 17. h3 Bd7 18. Nb3 Rac8 19. Nc5 Rfd8 20. Qb3 Be8 21. Qc2 Rxd1 22. Rxd1 a5 23. Qb3 axb4 24. axb4 b6 25. Na6 Bf8 26. Bc3 Ne4 27. Be1 Nf6 28. b5 Na5 29. Bxa5 bxa5 30. b6 a4 31. Qa2 a3 32. Rb1 Bc6 33. Bxf7 Bb7 34. Nc7 Kg7 35. Bc4 Kh7 36. Be6 Rd8 37. Nxe5 Qc5 38. Bg8+ Nxg8 39. Qf7+ Bg7 40. Qxg6+ 1-0

[Event "17th Memorial Lezcano Montalvo 2025"]
[Site "Gran Canaria"]
[Date "2025.04.13"]
[Round "2.32"]
[White "De La Cruz Perez, Carlos"]
[Black "Estremera Panos, Sergio"]
[Result "1/2-1/2"]
[Annotator "ChessBase"]
[ECO "B63"]
[WhiteElo "1835"]
[BlackElo "2195"]
[PlyCount "78"]
[EventDate "2025.04.13"]
[EventType "swiss"]
[EventCountry "ESP"]
[SourceTitle "playchess.com"]
[Source "ChessBase"]
[SourceQuality "1"]
[TimeControl "5400+30"]

1. e4 c5 2. Nf3 d6 3. d4 cxd4 4. Nxd4 Nf6 5. Nc3 Nc6 6. Bg5 e6 7. Qd2 Be7 8. O-O-O O-O 9. h4 a6 10. f3 Nxd4 11. Qxd4 b5 12. Kb1 Bb7 13. Bd3 Rc8 14. g4 Nd7 15. Bxe7 Qxe7 16. f4 e5 17. Qe3 exf4 18. Qxf4 Ne5 19. g5 Rc5 20. Nd5 Bxd5 21. exd5 Nxd3 22. Rxd3 Re8 23. Rf1 Rc4 24. Qf2 Re4 25. Rdd1 Re2 26. Qf5 Qc7 27. Rf2 Re1 28. Rf1 R1e5 29. Qf2 Re2 30. Qf5 g6 31. Qf6 R8e5 32. c3 Re7 33. Rc1 Qc4 34. Qxd6 Rxb2+ 35. Kxb2 Re2+ 36. Rc2 Rxc2+ 37. Kxc2 Qe2+ 38. Kb3 Qxf1 39. Qb8+ Kg7 1/2-1/2

[Event "17th Memorial Lezcano Montalvo 2025"]
[Site "Gran Canaria"]
[Date "2025.04.13"]
[Round "2.33"]
[White "Rodriguez Lopez, David"]
[Black "Castro Miguelez, Jose"]
[Result "1/2-1/2"]
[Annotator "ChessBase"]
[ECO "B22"]
[WhiteElo "2182"]
[BlackElo "1846"]
[PlyCount "98"]
[EventDate "2025.04.13"]
[EventType "swiss"]
[EventCountry "ESP"]
[SourceTitle "playchess.com"]
[Source "ChessBase"]
[SourceQuality "1"]
[TimeControl "5400+30"]

1. e4 c5 2. c3 Nf6 3. e5 Nd5 4. d4 cxd4 5. Nf3 Nc6 6. cxd4 d6 7. Bc4 dxe5 8. dxe5 Be6 9. O-O Nc7 10. Bb3 Qxd1 11. Rxd1 Bg4 12. Bf4 g5 13. Bg3 Bg7 14. Nbd2 O-O 15. Re1 Rfd8 16. Rac1 Ne6 17. h3 Bf5 18. Ne4 h6 19. Nc5 Nxc5 20. Rxc5 e6 21. a3 Rac8 22. Rec1 Bf8 23. R5c3 Be4 24. Ba4 a6 25. Nh2 h5 26. h4 g4 27. f3 gxf3 28. gxf3 Bd5 29. Kf2 b5 30. Bd1 b4 31. axb4 Bxb4 32. R3c2 Ba5 33. Be2 Bb6+ 34. Kf1 a5 35. Bf2 Bxf2 36. Kxf2 Rb8 37. Rxc6 Bxc6 38. Rxc6 Rxb2 39. Nf1 Ra8 40. Rc3 Ra2 41. Ne3 a4 42. Nc2 a3 43. f4 Rxc2 44. Rxc2 a2 45. Rc1 a1=Q 46. Rxa1 Rxa1 47. Bxh5 Rh1 48. Kg3 Rg1+ 49. Kf3 Rh1 1/2-1/2

[Event "17th Memorial Lezcano Montalvo 2025"]
[Site "Gran Canaria"]
[Date "2025.04.13"]
[Round "2.34"]
[White "Pinilla Sanchez, Josep A."]
[Black "Garcia Brion, Eduardo"]
[Result "0-1"]
[Annotator "ChessBase"]
[ECO "D02"]
[WhiteElo "1827"]
[BlackElo "2171"]
[PlyCount "72"]
[EventDate "2025.04.13"]
[EventType "swiss"]
[EventCountry "ESP"]
[SourceTitle "playchess.com"]
[Source "ChessBase"]
[SourceQuality "1"]
[TimeControl "5400+30"]

1. Nf3 Nc6 2. d4 d5 3. g3 Bg4 4. Bg2 Qd7 5. O-O e6 6. c4 dxc4 7. Na3 O-O-O 8. Nxc4 f6 9. Qa4 Kb8 10. Na5 Bxf3 11. exf3 Nxd4 12. Qxd7 Rxd7 13. Be3 Bb4 14. Rad1 Bxa5 15. Bxd4 Kc8 16. Bh3 f5 17. a3 Bb6 18. Bc3 Nf6 19. Rde1 Rd6 20. Re2 Rf8 21. Rfe1 Kd7 22. Be5 Rd5 23. Bg2 c6 24. f4 Rd3 25. Bc3 Re8 26. Bxf6 gxf6 27. Bh3 Rd5 28. Bg2 Rb5 29. Rd1+ Ke7 30. Bh3 Rd8 31. Rde1 Rd6 32. b4 Rbd5 33. a4 Kf7 34. a5 Bd4 35. a6 bxa6 36. Rd1 Bxf2+ 0-1

[Event "17th Memorial Lezcano Montalvo 2025"]
[Site "Gran Canaria"]
[Date "2025.04.13"]
[Round "2.35"]
[White "Marrero Cardenes, Agustin"]
[Black "Pace, Gabriele"]
[Result "1-0"]
[Annotator "ChessBase"]
[ECO "B17"]
[WhiteElo "2163"]
[BlackElo "1895"]
[PlyCount "37"]
[EventDate "2025.04.13"]
[EventType "swiss"]
[EventCountry "ESP"]
[SourceTitle "playchess.com"]
[Source "ChessBase"]
[SourceQuality "1"]
[TimeControl "5400+30"]

1. d4 d5 2. c4 e6 3. Nf3 c6 4. Nc3 Be7 5. e4 dxe4 6. Nxe4 Nf6 7. Bd3 Nbd7 8. O-O h6 9. Qe2 Nxe4 10. Qxe4 Nf6 11. Qe2 O-O 12. Rd1 Qc7 13. Ne5 c5 14. Bf4 Bd6 15. dxc5 Qxc5 16. Nd7 Bxd7 17. Bxd6 Qg5 18. Bxf8 Bc6 19. f4 1-0

[Event "17th Memorial Lezcano Montalvo 2025"]
[Site "Gran Canaria"]
[Date "2025.04.13"]
[Round "2.37"]
[White "Baez Ruiz, Victor Antonio"]
[Black "Calzetta Ruiz, Monica"]
[Result "0-1"]
[Annotator "ChessBase"]
[ECO "B30"]
[WhiteElo "1632"]
[BlackElo "2224"]
[PlyCount "40"]
[EventDate "2025.04.13"]
[EventType "swiss"]
[EventCountry "ESP"]
[SourceTitle "playchess.com"]
[Source "ChessBase"]
[SourceQuality "1"]
[TimeControl "5400+30"]

1. Nf3 c5 2. e4 Nc6 3. Bb5 g6 4. Nc3 Nd4 5. Nxd4 cxd4 6. Ne2 Nf6 7. f3 Bg7 8. O-O O-O 9. Kh1 e5 10. Bc4 d5 11. exd5 Nxd5 12. Bxd5 Qxd5 13. Ng3 Bd7 14. d3 Rac8 15. Bd2 f5 16. a3 Rf6 17. Rc1 Qa2 18. Rb1 Ba4 19. b3 Rxc2 20. Rf2 Bxb3 0-1

[Event "17th Memorial Lezcano Montalvo 2025"]
[Site "Gran Canaria"]
[Date "2025.04.13"]
[Round "2.38"]
[White "Ramos Santana, Marcelino"]
[Black "Alonso Galvez, Ana Belen"]
[Result "1-0"]
[Annotator "NA"]
[ECO "C78"]
[WhiteElo "1903"]
[BlackElo "1554"]
[PlyCount "75"]
[EventDate "2025.04.13"]
[EventType "swiss"]
[EventCountry "ESP"]
[SourceTitle "playchess.com"]
[Source "ChessBase"]
[SourceQuality "1"]
[TimeControl "5400+30"]

1. e4 e5 2. Nf3 Nc6 3. Bb5 a6 4. Ba4 Nf6 5. O-O Bc5 6. c3 Nxe4 7. d4 exd4 8. cxd4 Ba7 9. d5 Ne7 10. Bc2 Nxf2 11. Rxf2 Bxf2+ 12. Kxf2 d6 13. Nc3 O-O 14. h3 c6 15. Kg1 Qb6+ 16. Qd4 Qxd4+ 17. Nxd4 cxd5 18. Bf4 Rd8 19. Re1 Nc6 20. Nxc6 bxc6 21. Bxd6 Bxh3 22. Be7 Re8 23. gxh3 d4 24. Na4 Rad8 25. Bh4 f6 26. Rxe8+ Rxe8 27. Bf2 Rd8 28. Bd3 Kh8 29. Nc5 Rd5 30. b4 a5 31. a3 f5 32. Kg2 g5 33. Ne6 axb4 34. axb4 f4 35. Bxd4+ Kg8 36. Bc4 Rd6 37. Nd8+ Kf8 38. Bc5 1-0

[Event "17th Memorial Lezcano Montalvo 2025"]
[Site "Gran Canaria"]
[Date "2025.04.13"]
[Round "2.42"]
[White "Almeida Cubas, Mirella"]
[Black "Jerez Baez, Alvaro"]
[Result "1-0"]
[Annotator "NA"]
[ECO "B33"]
[WhiteElo "1824"]
[BlackElo "1583"]
[PlyCount "105"]
[EventDate "2025.04.13"]
[EventType "swiss"]
[EventCountry "ESP"]
[SourceTitle "playchess.com"]
[Source "ChessBase"]
[SourceQuality "1"]
[TimeControl "5400+30"]

1. e4 c5 2. Nf3 Nc6 3. d4 cxd4 4. Nxd4 e5 5. Nb5 d6 6. a4 Nf6 7. N1c3 a6 8. Na3 Be7 9. Be2 O-O 10. O-O Be6 11. Be3 Rc8 12. Bf3 Nd7 13. Nd5 Bg5 14. Nc4 Bxe3 15. Ncxe3 Nd4 16. c3 Nxf3+ 17. Qxf3 Bxd5 18. Nxd5 Nb6 19. Rfd1 Nxd5 20. Rxd5 Qb6 21. Rd2 Rc4 22. Qd3 Qc6 23. f3 Rd8 24. a5 Ra4 25. Rxa4 Qxa4 26. Qd5 Qb5 27. Qxb5 axb5 28. Rd5 g6 29. Rxb5 Rd7 30. Kf2 f5 31. Ke3 Kf7 32. Rb6 h5 33. b4 Ke6 34. b5 Rc7 35. Kd3 g5 36. exf5+ Kxf5 37. Rxd6 Rc5 38. c4 g4 39. a6 bxa6 40. Rxa6 Rc8 41. Rc6 Ra8 42. Ra6 Rc8 43. b6 Kf4 44. b7 e4+ 45. fxe4 Rd8+ 46. Ke2 Rb8 47. Rb6 Kxe4 48. c5 Kd5 49. c6 Kd6 50. Ra6 h4 51. Ra8 Kc7 52. Rxb8 Kxb8 53. Ke3 1-0

[Event "17th Memorial Lezcano Montalvo 2025"]
[Site "Gran Canaria"]
[Date "2025.04.13"]
[Round "2.43"]
[White "Garcia Almeida, Valeria"]
[Black "Schmitz, Manuela"]
[Result "1/2-1/2"]
[Annotator "NA"]
[ECO "E17"]
[WhiteElo "1582"]
[BlackElo "1815"]
[PlyCount "66"]
[EventDate "2025.04.13"]
[EventType "swiss"]
[EventCountry "ESP"]
[SourceTitle "playchess.com"]
[Source "ChessBase"]
[SourceQuality "1"]
[TimeControl "5400+30"]

1. c4 e6 2. g3 Nf6 3. Bg2 d5 4. Nf3 Be7 5. d4 O-O 6. Nbd2 b6 7. cxd5 exd5 8. O-O Bb7 9. b3 Nbd7 10. Bb2 c5 11. Rc1 Rc8 12. Re1 Re8 13. Nf1 Ne4 14. N3d2 Ndf6 15. Ne3 Qd7 16. Nf3 Qe6 17. Ne5 cxd4 18. Qxd4 Bc5 19. Qd3 d4 20. N3c4 Nxf2 21. Kxf2 Bxg2 22. Kxg2 b5 23. Nd2 Qxe5 24. Nf3 Qe7 25. Qxb5 Ng4 26. Bxd4 Bxd4 27. Rxc8 Rxc8 28. Nxd4 Qe4+ 29. Nf3 Re8 30. Qd3 Ne3+ 31. Kf2 Ng4+ 32. Kg2 Ne3+ 33. Kf2 Ng4+ 1/2-1/2

[Event "17th Memorial Lezcano Montalvo 2025"]
[Site "Gran Canaria"]
[Date "2025.04.13"]
[Round "2.44"]
[White "Rodriguez Trujillo, Cristian"]
[Black "Sanchez Montesdeoca, Isaac"]
[Result "0-1"]
[Annotator "NA"]
[ECO "B50"]
[WhiteElo "1562"]
[BlackElo "1807"]
[PlyCount "156"]
[EventDate "2025.04.13"]
[EventType "swiss"]
[EventCountry "ESP"]
[SourceTitle "playchess.com"]
[Source "ChessBase"]
[SourceQuality "1"]
[TimeControl "5400+30"]

1. e4 c5 2. Nf3 d6 3. c3 Nf6 4. Be2 g6 5. h3 Bg7 6. O-O O-O 7. d3 Nc6 8. Be3 Qc7 9. Qc1 Bd7 10. Bh6 Rfc8 11. Bxg7 Kxg7 12. Nbd2 a6 13. a4 b5 14. axb5 axb5 15. Rxa8 Rxa8 16. d4 c4 17. e5 dxe5 18. dxe5 Nxe5 19. Nd4 Qc5 20. b3 Ra2 21. b4 Qa7 22. N2f3 Nxf3+ 23. Bxf3 e5 24. Nc6 Bxc6 25. Bxc6 Qb6 26. Bf3 Qa7 27. Qe1 Qb8 28. Qe3 Ra3 29. Re1 e4 30. Bxe4 Qe5 31. Bc6 Qxc3 32. Qxc3 Rxc3 33. Bxb5 Rc2 34. Bc6 c3 35. b5 Rb2 36. Rc1 c2 37. Kh2 Ng8 38. Be4 Rxb5 39. Rxc2 Ne7 40. g4 Rb4 41. f3 Rd4 42. Rc7 Kf6 43. Rb7 h6 44. Kg3 Nc8 45. Rb8 Nd6 46. Bb1 g5 47. Rh8 Rd1 48. Rxh6+ Ke7 49. Bf5 Ra1 50. Rh5 Kf6 51. Rh6+ Ke5 52. h4 gxh4+ 53. Rxh4 Ra3 54. Rh5 Kf6 55. Rh6+ Ke5 56. Rh5 Kf6 57. Bc2 Rc3 58. Rh6+ Ke7 59. Bh7 Ra3 60. g5 Rc3 61. Rh4 Rc5 62. Kg4 Ne8 63. Be4 Rc1 64. Kf4 Ng7 65. Ke5 Rc5+ 66. Bd5 Ne6 67. f4 Nc7 68. Ke4 Rxd5 69. f5 Ra5 70. Rh7 Ne8 71. g6 Nf6+ 72. Kf4 Ra4+ 73. Kg5 Rg4+ 74. Kh6 Nxh7 75. Kxh7 fxg6 76. fxg6 Kf6 77. g7 Rxg7+ 78. Kh8 Ra7 0-1

[Event "17th Memorial Lezcano Montalvo 2025"]
[Site "Gran Canaria"]
[Date "2025.04.13"]
[Round "2.45"]
[White "Juan Miguel, Javier"]
[Black "Angulo Diaz, Dario"]
[Result "1-0"]
[Annotator "NA"]
[ECO "D05"]
[WhiteElo "1803"]
[BlackElo "1568"]
[PlyCount "93"]
[EventDate "2025.04.13"]
[EventType "swiss"]
[EventCountry "ESP"]
[SourceTitle "playchess.com"]
[Source "ChessBase"]
[SourceQuality "1"]
[TimeControl "5400+30"]

1. d4 Nf6 2. e3 e6 3. Nf3 d5 4. Bd3 Nc6 5. b3 Bd6 6. Bb2 Qe7 7. Ne5 Bd7 8. Nd2 Nb4 9. Be2 a5 10. a3 Na6 11. c4 c5 12. Bd3 Nc7 13. Qe2 Bc6 14. f4 Nd7 15. O-O a4 16. b4 cxb4 17. Nxd7 bxa3 18. Bc1 dxc4 19. Nxc4 Qxd7 20. Nb6 Qd8 21. Nxa8 Qxa8 22. Bxa3 Bxa3 23. Rxa3 b5 24. Rb1 Ke7 25. Qc2 Kd7 26. f5 b4 27. Rxb4 Nd5 28. Rbxa4 Bxa4 29. Rxa4 Qb7 30. Qc5 Ra8 31. Bb5+ Kd8 32. Qd6+ Kc8 33. Bd7+ Qxd7 34. Rxa8+ Kb7 35. Qxd7+ Kxa8 36. fxe6 fxe6 37. Qxe6 Nf6 38. d5 Kb8 39. d6 Kb7 40. Qe7+ Kc6 41. Qc7+ Kd5 42. d7 Nxd7 43. Qxd7+ Ke4 44. Qd4+ Kf5 45. e4+ Kg5 46. Qxg7+ Kh5 47. h3 1-0